 Dungeon Crawl Stone Soup version 0.30-a0-4-ga7cffc901d (webtiles) character file.

Game seed: 13194775638648366999

441 Setbun the Slicer (level 7, -4/40 HPs)
             Began as a Kobold Brigand on Aug 21, 2022.
             Slain by a mummy (16 damage)
             ... in an ossuary.
             The game lasted 00:04:58 (4713 turns).

Setbun the Slicer (Kobold Brigand)                  Turns: 4713, Time: 00:04:58

Health: -4/40      AC:  4    Str: 12    XL:     7   Next: 22%
Magic:  7/7        EV: 14    Int: 12    God:
Gold:   266        SH:  0    Dex: 25    Spells: 6/6 levels left

rFire   + . .      SeeInvis .    a - +2 dagger (venom)
rCold   x . .      Faith    .    (no shield)
rNeg    . . .      Spirit   .    b - +0 robe
rPois   .          Reflect  .    (no helmet)
rElec   .          Harm     .    c - +1 cloak
rCorr   .          Rampage  .    (no gloves)
Will    .....                    (no boots)
Stlth   +++++.....               (no amulet)
HPRegen 0.13/turn                n - +6 ring of dexterity
MPRegen 0.10/turn                p - ring of the Heron {Fire Str+4}

@: invisible
A: small, no large weapons, nightstalker 3
a: no special abilities


You were in an ossuary.
You visited 1 branch of the dungeon, and saw 5 of its levels.
You also visited: Ossuary.

You collected 266 gold pieces.

Inventory:

Hand Weapons
 a - a +2 dagger of venom (weapon)
Missiles
 d - 20 poisoned darts (quivered)
 e - 9 curare-tipped darts
 r - 4 atropa-tipped darts
Armour
 b - a +0 robe (worn)
 c - a +1 cloak (worn)
Jewellery
 n - a +6 ring of dexterity (left hand)
 p - the ring of the Heron (right hand) {Fire Str+4}
   (You found it on level 3 of the Dungeon)

   [ring of fire]

   It enhances your fire magic.
   Str:       It affects your strength (+4).
   rF:        It protects you from fire.
   rC:        It makes you vulnerable to cold.
 s - a ring of wizardry
 u - a ring of flight
Scrolls
 f - 2 scrolls of enchant armour
 g - 2 scrolls of teleportation
 j - a scroll of poison
 k - 5 scrolls of identify
 o - a scroll of vulnerability
Potions
 h - a potion of flight
 q - a potion of cancellation {unknown}
 v - a potion of haste {unknown}


   Skills:
 - Level 2.1 Fighting
 * Level 9.6 Short Blades
 - Level 2.1 Throwing
 - Level 1.2 Dodging
 - Level 5.3 Stealth


You had 6 spell levels left.
You didn't know any spells.
Your spell library contained the following spells:

 Spells                   Type           Power      Damage    Failure   Level
 Poisonous Vapours        Pois/Air       0%         N/A       45%         2
 Corpse Rot               Necr/Pois/Air  0%         N/A       97%         4


Dungeon Overview and Level Annotations

Branches:
Dungeon (5/15)            Ossuary (1/1)
 Temple: D:4-7

Altars:
Okawaru

Shops:
D:4 (


Innate Abilities, Weirdness & Mutations

You are small and have problems with some larger weapons.
You are completely attuned to the shadows.


Message History

The mummy is lightly damaged.
You hit the mummy but do no damage.
The mummy is lightly damaged.
The mummy misses you.
You hit the mummy.
The mummy is moderately damaged.
You hit the mummy. Your punch misses the mummy.
The mummy is heavily damaged.
You hit the mummy.
The mummy is heavily damaged.
The mummy hits you but does no damage. The mummy hits you.
You hit the mummy.
The mummy is severely damaged.
The mummy hits you.
You completely miss the mummy.
The mummy is severely damaged.
You hit the mummy.
The mummy is severely damaged.
The mummy barely misses you.
You barely miss the mummy.
The mummy is severely damaged.
The mummy closely misses you. The mummy completely misses you.
You hit the mummy but do no damage.
The mummy is severely damaged.
You hit the mummy but do no damage.
The mummy is severely damaged.
The mummy barely misses you.
You hit the mummy.
You destroy the mummy!
The mummy hits you. The mummy hits you!
* * * LOW HITPOINT WARNING * * *
It was a potion of curing.
You feel better. The mummy closely misses you.
It was a potion of invisibility.
You fade into invisibility!
You catch the helpless mummy completely off-guard!
You impale the mummy!!
You destroy the mummy!
The mummy hits you!
You die...

.........
.........
#........
##......#
##....##
#....#
#....#
#M...#
#M@..#
#....#
#....#
#....#
#.∩∩.#
######


You could see 2 mummies.

Vanquished Creatures
  A scorpion (D:5)
  2 hounds
  A gnoll bouda (D:5)
  3 iguanas
  3 mummies
  4 gnolls
  2 adders
  2 worms (D:4)
  3 orcs
  8 ball pythons
  10 endoplasms
  6 giant cockroaches
  2 gnoll zombies (Ossuary)
  7 hobgoblins
  7 jackals
  5 kobolds
  2 quokkas (D:1)
  7 bats
  4 frilled lizards
  3 goblins
  3 hobgoblin zombies (Ossuary)
  An orc zombie (Ossuary)
  5 rats
91 creatures vanquished.

Vanquished Creatures (collateral kills)
  2 gnolls (D:5)
2 creatures vanquished.

Grand Total: 93 creatures vanquished

Notes
Turn   | Place    | Note
-------+----------+-------------------------------------------
     0 | D:1      | Setbun the Kobold Brigand began the quest for the Orb.
     0 | D:1      | Reached XP level 1. HP: 12/12 MP: 1/1
   163 | D:1      | Reached skill level 3 in Short Blades
   277 | D:1      | Reached XP level 2. HP: 17/17 MP: 2/2
   503 | D:1      | Reached skill level 4 in Short Blades
   838 | D:1      | Found a transporter.
   980 | D:1      | Reached XP level 3. HP: 21/21 MP: 3/3
  1539 | D:2      | Reached skill level 5 in Short Blades
  1983 | D:2      | Reached XP level 4. HP: 17/26 MP: 4/4
  2667 | D:3      | Found an iron altar of Okawaru.
  3042 | D:3      | Reached skill level 6 in Short Blades
  3148 | D:3      | Identified the ring of the Heron {Fire Str+4}
  3711 | D:4      | Reached XP level 5. HP: 30/30 MP: 5/5
  3715 | D:4      | Found Luhawk's Weapon Emporium.
  3783 | D:4      | Reached skill level 7 in Short Blades
  4218 | D:4      | Reached XP level 6. HP: 35/35 MP: 6/6
  4376 | D:4      | Found the +6 shillelagh "Devastator" {shatter}
  4449 | D:5      | Entered Level 5 of the Dungeon
  4471 | D:5      | Reached skill level 8 in Short Blades
  4488 | D:5      | Reached skill level 9 in Short Blades
  4497 | D:5      | Reached XP level 7. HP: 21/40 MP: 7/7
  4594 | D:5      | Found a sand-covered staircase.
  4599 | Ossuary  | Entered an ossuary
  4702 | Ossuary  | HP: 1/40 [mummy (16)]
  4713 | Ossuary  | Slain by a mummy

Illustrated notes

Levels and vault maps discovered:
D:1:      spicycebolla_arrival_transporter_tutorial, layout_basic,
          feat_on_display
D:2:      layout_loops_ring, serial_glass, glass_columns_a, glass_columns_b
D:3:      layout_basic, okawaru_ov_weapons_minmay
D:4:      layout_cave_pools, serial_shops, nicolae_shop_bloodbath_and_beyond
D:5:      layout_rooms, mainiacjoe_overflow_alcove_3,
          nicolae_ossuary_entry_giza, minmay_misc_feat_chi
Ossuary:  ossuary_tomb_3

Skill      XL: |  1  2  3  4  5  6 |
---------------+-------------------+-----
Short Blades   | 3 4 5 6 7 9 |  9.6
Fighting       | |  2.1
Throwing       | |  2.1
Dodging        | |  1.2
Stealth        | |  5.3

Action                   |  1- 3 |  4- 6 |  7- 9 || total
-------------------------+-------+-------+-------++-------
Melee: Dagger            |    82 |   108 |    36 ||   226
       Punch             |       |       |     1 ||     1
  Use: Potion            |       |     1 |     2 ||     3
       Scroll            |       |     6 |       ||     6
 Stab: Sleeping          |    23 |    22 |     1 ||    46
       Distracted        |       |     1 |     1 ||     2
       Invisible         |       |       |     1 ||     1
Armor: Robe              |    18 |    11 |     5 ||    34
Dodge: Dodged            |    42 |    44 |    11 ||    97

Table legend: (Time is in decaauts)
 A = Elapsed time spent in this place.
 B = Non-inter-level travel time spent in this place.
 C = Inter-level travel time spent in this place.
 D = Time resting spent in this place.
 E = Time spent auto-exploring this place.
 F = Levels seen in this place.
 G = Mean time per level.
                   A        B        C        D        E       F      G
               +--------+--------+--------+--------+--------+-----+--------+
         Total |   4649 |   4580 |     69 |    496 |   3546 |   6 |  774.8 |
       Dungeon |   4552 |   4483 |     69 |    496 |   3498 |   5 |  910.4 |
       Ossuary |     97 |     97 |      0 |      0 |     48 |   1 |   97.0 |
               +--------+--------+--------+--------+--------+-----+--------+

Top non-repeatable levels by time:
     D:1: 1373 daAuts
     D:3: 1266 daAuts
     D:2: 1003 daAuts
     D:4: 770 daAuts
     D:5: 139 daAuts
 Ossuary: 97 daAuts
